Login

Vancouver Canucks vs Dallas Stars

Created - 17 March 2024 at 23:14

Goals
1 2 3 T
Vancouver Canucks 0 0 1 1
Dallas Stars 2 1 1 4
Shots
1 2 3 T
Vancouver Canucks 3 16 14 33
Dallas Stars 7 20 8 35

GoalsPenalties
1st period
1. Dallas Stars , Jason Robertson 5 (Roope Hintz 4, Miro Heiskanen 7) at 0:52
2. Dallas Stars , Jamie Benn 3 (Matej Blumel 3, Miro Heiskanen 8) at 18:29
No Penalty
2nd period
3. Dallas Stars , Matt Duchene 1 (Miro Heiskanen 9, Jamie Benn 3) at 12:55
Tyler Myers (VAN) for Tripping (Minor) at 6:24
Jani Hakanpaa (DAL) for Tripping (Minor) at 19:00
3rd period
4. Vancouver Canucks , Conor Garland 2 (Elias Pettersson 2, Anthony Beauvillier 2) at 1:06 (PP)
5. Dallas Stars , Jason Robertson 6 (Joe Pavelski 4) at 16:45 (PP)
Jason Robertson (DAL) for Holding (Minor) at 0:22
Jason Robertson (DAL) for Tripping (Minor) at 1:55
Roope Hintz (DAL) for Hooking (Minor) at 6:08
Mason Marchment (DAL) for Cross-checking (Minor) at 12:37
Carson Soucy (VAN) for Slashing (Minor) at 16:05
Goalie Stats
Thatcher Demko (VAN), 31 saves from 35 shots - (0.886), L, 1-5-0, 60:00 minutes
Jake Oettinger (DAL), 32 saves from 33 shots - (0.970), W, 4-2-0, 60:00 minutes
3 StarsOfficial
1 - Miro Heiskanen (DAL)
2 - Jake Oettinger (DAL)
3 - Jamie Benn (DAL)
Referees : Mitch Dunning and Brandon Blandina
Linesman : Brent Colby and Jeff Walker
Game Note
Matt Irwin is injured at 11:46 of 3rd period (Torn Left ACL)
Finance
Level 1 -- Attendance: 5895 (98.25%) -- Ticket Income $589,500
Level 2 -- Attendance: 4281 (85.62%) -- Ticket Income $256,860
Level 3 -- Attendance: 2000 (100.00%) -- Ticket Income $70,000
Level 4 -- Attendance: 3846 (96.15%) -- Ticket Income $96,150
Luxury Box -- Attendance: 1000 (100.00%) -- Ticket Income $200,000
Game was played at the American Airlines Center.
Total Attendance: 17022 (94.57%)
Total Ticket Income: $1,212,510
Other Income: $594,130
Total Income: $1,806,640



Team Name Goals Shots Shots Attemp Shots Blocked PIM HIT PP PK FO%
Vancouver Canucks 1336284161 / 5 (20%)159%
Dallas Stars 435581510281 / 2 (50%)141%

Vancouver Canucks
Player Name POS G A P +/- PIM HIT SHT SB MP PP MP PP SHT PK MP PK SHT FO% FOT GA TA
Andrei KuzmenkoLW0000007024:014:5410:2700% 310
Anthony BeauvillierLW011-2030018:143:0900:3200% 000
Brock BoeserRW0000012124:014:5410:27033% 301
Carson SoucyD0000200012:240:0000:0000% 000
Conor GarlandRW101-2021017:423:0910:0000% 010
Dakota JoshuaC000-1001015:400:0000:0000% 300
Elias PetterssonC011-2011120:363:0901:37075% 1210
Filip HronekD000-3004019:323:0700:3800% 001
Ian ColeD000-3022220:583:0701:0700% 001
Ilya MikheyevRW000-1001014:140:0000:0000% 000
J.T. MillerC0000014026:264:5401:33069% 3600
Matt IrwinD0000001111:110:0000:5400% 000
Pius SuterC000000000:450:0000:0000% 000
Quinn HughesD0000004128:394:5622:0100% 022
Sam LaffertyC000-1034014:140:0000:00043% 700
Sheldon DriesC000000000:460:0000:3500% 000
Teddy BluegerC000000000:410:0000:0700% 000
Tyler MyersD0000231227:154:5610:3800% 001
Dallas Stars
Player Name POS G A P +/- PIM HIT SHT SB MP PP MP PP SHT PK MP PK SHT FO% FOT GA TA
Craig SmithC000003108:250:0002:1500% 300
Esa LindellD0002021128:421:5205:2800% 000
Gavin BayreutherD0001001012:000:0000:1800% 000
Jamie BennLW1121026320:211:1504:520100% 110
Jani HakanpaaD0000210119:400:4702:0900% 001
Jason RobertsonLW2021414423:011:2413:4100% 910
Joe PavelskiC0111010021:061:2401:07067% 310
Mason MarchmentLW0001222011:510:0000:5100% 000
Matej BlumelRW011000106:501:2410:0000% 000
Matt DucheneC1011013110:550:0000:25050% 810
Miro HeiskanenD0332012428:421:5215:2800% 012
Nils LundkvistD0001011111:440:0000:3300% 000
Radek FaksaC0001021014:060:0000:0000% 000
Roope HintzC0111227020:271:1500:39052% 2501
Ryan SuterD0000021020:070:4702:3500% 001
Sam SteelC0001012014:390:0000:00040% 1500
Ty DellandreaC000003007:230:0001:1300% 010
Tyler SeguinC0001032011:161:1500:0000% 000

Vancouver Canucks

5 vs 5 Forward
Line #Left WingCenterRight WingPHYDFOFWanted %Time %Time Play
1Andrei KuzmenkoJ.T. MillerBrock Boeser1224038%18:41
2Anthony BeauvillierElias PetterssonConor Garland1223030%14:44
3Dakota JoshuaSam LaffertyIlya Mikheyev1222329%14:14
4J.T. MillerDakota JoshuaElias Pettersson12273%1:39
5 vs 5 Defense
Line #DefenseDefensePHYDFOFWanted %Time %Time Play
1Quinn HughesTyler Myers1224039%19:06
2Ian ColeFilip Hronek1223031%15:11
3Carson SoucyMatt Irwin1222025%12:25
4Quinn HughesTyler Myers122105%2:36
Power Play Forward
Line #Left WingCenterRight WingPHYDFOFWanted %Time %Time Play
1Andrei KuzmenkoJ.T. MillerBrock Boeser1226061%4:54
2Anthony BeauvillierElias PetterssonConor Garland1224039%3:09
Power Play Defense
Line #DefenseDefensePHYDFOFWanted %Time %Time Play
1Quinn HughesTyler Myers1226061%4:56
2Ian ColeFilip Hronek1224039%3:07
Penalty Kill 4 Players Forward
Line #CenterWingPHYDFOFWanted %Time %Time Play
1J.T. MillerElias Pettersson1226083%2:12
2Andrei KuzmenkoBrock Boeser1224017%0:27
Penalty Kill 4 Players Defense
Line #DefenseDefensePHYDFOFWanted %Time %Time Play
1Quinn HughesTyler Myers1226076%2:01
2Ian ColeFilip Hronek1224024%0:38
Penalty Kill 3 Players
Line #WingPHYDFOFWanted %Time %Time PlayDefenseDefensePHYDFOFWanted %Time %Time Play
1J.T. Miller122600%0:00 Quinn HughesTyler Myers122600%0:00
2Elias Pettersson122400%0:00 Ian ColeFilip Hronek122400%0:00
4 vs 4 Forward
Line #CenterWingPHYDFOFWanted %Time %Time Play
1J.T. MillerElias Pettersson122600%0:00
2Andrei KuzmenkoBrock Boeser122400%0:00
4 vs 4 Defense
Line #DefensePHYDFOFWanted %Time %Time Play
1Quinn HughesTyler Myers122600%0:00
2Ian ColeFilip Hronek122400%0:00
Last Minutes Offensive
Left WingCenterRight WingDefenseDefense
Andrei KuzmenkoJ.T. MillerBrock BoeserQuinn HughesTyler Myers
Last Minutes Defensive
Left WingCenterRight WingDefenseDefense
Andrei KuzmenkoJ.T. MillerBrock BoeserQuinn HughesTyler Myers
Time
Total ForwardTotal DefenseLast Minutes OffensiveLast Minutes Defensive
60:00 60:00 0:000:00
Extra Forwards
Normal PowerPlayPenalty Kill
Pius Suter, Teddy Blueger, Sheldon DriesPius Suter, Teddy BluegerSheldon Dries
Extra Defensemen
Normal PowerPlayPenalty Kill
Carson Soucy, Matt Irwin, Ian ColeCarson Soucy, Matt IrwinIan Cole
Penalty Shots
J.T. Miller, Elias Pettersson, Andrei Kuzmenko, Brock Boeser, Conor Garland
Goalie
Thatcher Demko, Casey DeSmith
Custom OT Lines Forwards
J.T. Miller, Elias Pettersson, Andrei Kuzmenko, Brock Boeser, Conor Garland, Anthony Beauvillier, Sam Lafferty, Dakota Joshua, Ilya Mikheyev, Pius Suter
Custom OT Lines Defensemen
Quinn Hughes, Tyler Myers, Ian Cole, Filip Hronek, Carson Soucy
Scratches
Phillip Di-Giuseppe (Healthy), Nils Hoglander (Healthy), Noah Juulsen (Healthy)

Dallas Stars

5 vs 5 Forward
Line #Left WingCenterRight WingPHYDFOFWanted %Time %Time Play
1Jason RobertsonRoope HintzJoe Pavelski1224037%18:28
2Jamie BennSam SteelRadek Faksa1223030%14:59
3Mason MarchmentMatt DucheneTyler Seguin1222021%10:21
4Ty DellandreaCraig SmithMatej Blumel1221011%5:30
5 vs 5 Defense
Line #DefenseDefensePHYDFOFWanted %Time %Time Play
1Miro HeiskanenEsa Lindell1224039%18:59
2Jani HakanpaaRyan Suter1223034%16:45
3Gavin BayreutherNils Lundkvist1222023%11:11
4Miro HeiskanenEsa Lindell122105%2:23
Power Play Forward
Line #Left WingCenterRight WingPHYDFOFWanted %Time %Time Play
1Jason RobertsonJoe PavelskiMatej Blumel1226053%1:24
2Jamie BennRoope HintzTyler Seguin1224047%1:15
Power Play Defense
Line #DefenseDefensePHYDFOFWanted %Time %Time Play
1Miro HeiskanenEsa Lindell1226070%1:52
2Jani HakanpaaRyan Suter1224030%0:47
Penalty Kill 4 Players Forward
Line #CenterWingPHYDFOFWanted %Time %Time Play
1Jason RobertsonJamie Benn1226085%6:19
2Joe PavelskiRoope Hintz1224015%1:07
Penalty Kill 4 Players Defense
Line #DefenseDefensePHYDFOFWanted %Time %Time Play
1Miro HeiskanenEsa Lindell1226065%4:51
2Jani HakanpaaRyan Suter1224035%2:35
Penalty Kill 3 Players
Line #WingPHYDFOFWanted %Time %Time PlayDefenseDefensePHYDFOFWanted %Time %Time Play
1Jason Robertson12260100%0:37 Miro HeiskanenEsa Lindell12260100%0:37
2Jamie Benn122400%0:00 Jani HakanpaaRyan Suter122400%0:00
4 vs 4 Forward
Line #CenterWingPHYDFOFWanted %Time %Time Play
1Jason RobertsonJamie Benn122600%0:00
2Joe PavelskiRoope Hintz122400%0:00
4 vs 4 Defense
Line #DefensePHYDFOFWanted %Time %Time Play
1Miro HeiskanenEsa Lindell122600%0:00
2Jani HakanpaaRyan Suter122400%0:00
Last Minutes Offensive
Left WingCenterRight WingDefenseDefense
Jason RobertsonJoe PavelskiMatej BlumelMiro HeiskanenEsa Lindell
Last Minutes Defensive
Left WingCenterRight WingDefenseDefense
Jason RobertsonJoe PavelskiMatej BlumelMiro HeiskanenEsa Lindell
Time
Total ForwardTotal DefenseLast Minutes OffensiveLast Minutes Defensive
60:00 60:00 0:000:00
Extra Forwards
Normal PowerPlayPenalty Kill
Sam Steel, Ty Dellandrea, Craig SmithSam Steel, Ty DellandreaCraig Smith
Extra Defensemen
Normal PowerPlayPenalty Kill
Gavin Bayreuther, Nils Lundkvist, Jani HakanpaaGavin Bayreuther, Nils LundkvistJani Hakanpaa
Penalty Shots
Jason Robertson, Jamie Benn, Joe Pavelski, Roope Hintz, Matt Duchene
Goalie
Jake Oettinger, Scott Wedgewood
Custom OT Lines Forwards
Jason Robertson, Jamie Benn, Joe Pavelski, Roope Hintz, Matt Duchene, Tyler Seguin, Radek Faksa, Mason Marchment, Sam Steel, Ty Dellandrea
Custom OT Lines Defensemen
Miro Heiskanen, Esa Lindell, Jani Hakanpaa, Ryan Suter, Gavin Bayreuther
Scratches
None


Play-by-Play

1st period


0:01 of 1st period - J.T. Miller wins face-off versus Roope Hintz in neutral zone.
0:04 of 1st period - Slapshot by Andrei Kuzmenko.
0:04 of 1st period - Stopped by Jake Oettinger with a rebound.
0:11 of 1st period - Icing by Miro Heiskanen.
0:12 of 1st period - Elias Pettersson wins face-off versus Roope Hintz in Dallas Stars zone.
0:23 of 1st period - Elias Pettersson is hit by Miro Heiskanen and loses puck.
0:50 of 1st period - Wrist shot by Jason Robertson.
0:50 of 1st period - Deflect By Roope Hintz.
0:50 of 1st period - Stopped by Thatcher Demko with a rebound.
0:52 of 1st period - Snap shot by Jason Robertson.
0:52 of 1st period - Goal by Jason Robertson - Vancouver Canucks : 0 - Dallas Stars : 1.
0:53 of 1st period - Jamie Benn wins face-off versus Sam Lafferty in neutral zone.
1:00 of 1st period - Ilya Mikheyev is hit by Jamie Benn.
1:41 of 1st period - Carson Soucy is hit by Ty Dellandrea and loses puck.
3:00 of 1st period - Esa Lindell is hit by Elias Pettersson and loses puck.
4:09 of 1st period - Icing by Ryan Suter.
4:10 of 1st period - Matt Duchene wins face-off versus Sam Lafferty in Dallas Stars zone.
5:01 of 1st period - Jamie Benn is hit by Sam Lafferty and loses puck.
5:12 of 1st period - Tyler Myers is hit by Roope Hintz and loses puck.
5:42 of 1st period - Off-side.
5:43 of 1st period - Roope Hintz wins face-off versus Elias Pettersson in neutral zone.
5:58 of 1st period - Snap shot by Joe Pavelski.
5:58 of 1st period - Deflect By Roope Hintz.
5:58 of 1st period - Stopped by Thatcher Demko with a rebound.
6:10 of 1st period - Radek Faksa is hit by Tyler Myers and loses puck.
6:19 of 1st period - Snap shot by Andrei Kuzmenko.
6:19 of 1st period - Shot Misses the Net.
6:42 of 1st period - Snap shot by Sam Lafferty.
6:42 of 1st period - Stopped by Jake Oettinger without a rebound.
6:43 of 1st period - Sam Lafferty wins face-off versus Matt Duchene in Dallas Stars zone.
7:05 of 1st period - Icing by Quinn Hughes.
7:06 of 1st period - Roope Hintz wins face-off versus Sam Lafferty in Vancouver Canucks zone.
7:13 of 1st period - Slapshot by Roope Hintz.
7:13 of 1st period - Shot Hit the Post.
7:50 of 1st period - Tyler Myers is hit by Esa Lindell and loses puck.
8:27 of 1st period - Snap shot by Conor Garland.
8:27 of 1st period - Shot Misses the Net.
8:57 of 1st period - Wrist shot by Roope Hintz.
8:57 of 1st period - Stopped by Thatcher Demko without a rebound.
8:58 of 1st period - Roope Hintz wins face-off versus J.T. Miller in Vancouver Canucks zone.
9:14 of 1st period - Off-side.
9:15 of 1st period - Matt Duchene wins face-off versus Elias Pettersson in neutral zone.
9:20 of 1st period - Ian Cole is hit by Ryan Suter and loses puck.
9:43 of 1st period - Roope Hintz is hit by Ian Cole and loses puck.
9:49 of 1st period - Icing by Jason Robertson.
9:50 of 1st period - Roope Hintz wins face-off versus J.T. Miller in Dallas Stars zone.
10:17 of 1st period - Jani Hakanpaa is hit by Tyler Myers and loses puck.
11:13 of 1st period - Brock Boeser is hit by Ty Dellandrea and loses puck.
13:51 of 1st period - Slapshot by Jamie Benn.
13:51 of 1st period - Stopped by Thatcher Demko with a rebound.
14:35 of 1st period - Slapshot by Roope Hintz.
14:35 of 1st period - Shot Misses the Net.
14:37 of 1st period - Backhand shot by Joe Pavelski.
14:37 of 1st period - Shot Misses the Net.
14:39 of 1st period - Slapshot by Ryan Suter.
14:39 of 1st period - Deflect By Roope Hintz.
14:39 of 1st period - Shot Misses the Net.
14:39 of 1st period - Puck is out of play.
14:40 of 1st period - Elias Pettersson wins face-off versus Sam Steel in Vancouver Canucks zone.
14:40 of 1st period - Elias Pettersson is hit by Esa Lindell.
15:26 of 1st period - Mason Marchment is hit by Tyler Myers and loses puck.
15:35 of 1st period - Quinn Hughes is hit by Mason Marchment and loses puck.
15:47 of 1st period - Icing by Elias Pettersson.
15:48 of 1st period - Sam Lafferty wins face-off versus Craig Smith in Vancouver Canucks zone.
16:20 of 1st period - Roope Hintz is hit by J.T. Miller and loses puck.
18:02 of 1st period - Tyler Seguin is hit by Conor Garland and loses puck.
18:29 of 1st period - Snap shot by Jamie Benn.
18:29 of 1st period - Goal by Jamie Benn - Vancouver Canucks : 0 - Dallas Stars : 2.
18:30 of 1st period - Sam Steel wins face-off versus J.T. Miller in neutral zone.
18:56 of 1st period - Miro Heiskanen is hit by Sam Lafferty and loses puck.
19:07 of 1st period - Snap shot by Tyler Seguin.
19:07 of 1st period - Deflect By Quinn Hughes.
19:07 of 1st period - Stopped by Thatcher Demko without a rebound.
19:08 of 1st period - Roope Hintz wins face-off versus Andrei Kuzmenko in Vancouver Canucks zone.
19:15 of 1st period - Slapshot by Jason Robertson.
19:15 of 1st period - Shot Misses the Net.
19:21 of 1st period - Joe Pavelski is hit by Ian Cole and loses puck.
19:36 of 1st period - Slapshot by Filip Hronek.
19:36 of 1st period - Stopped by Jake Oettinger with a rebound.
19:42 of 1st period - Slapshot by Filip Hronek.
19:42 of 1st period - Shot Blocked by Nils Lundkvist.
19:48 of 1st period - Sam Lafferty is hit by Jason Robertson and loses puck.
Goals for this period are 0 for Vancouver Canucks vs 2 for Dallas Stars.
Shots for this period are 3 for Vancouver Canucks vs 7 for Dallas Stars.

2nd period


0:01 of 2nd period - Sam Steel wins face-off versus Dakota Joshua in neutral zone.
0:35 of 2nd period - Snap shot by Tyler Seguin.
0:35 of 2nd period - Shot Blocked by Tyler Myers.
0:37 of 2nd period - Slapshot by Gavin Bayreuther.
0:37 of 2nd period - Stopped by Thatcher Demko with a rebound.
0:39 of 2nd period - Snap shot by Mason Marchment.
0:39 of 2nd period - Stopped by Thatcher Demko with a rebound.
0:41 of 2nd period - Slapshot by Matt Duchene.
0:41 of 2nd period - Shot Blocked by Tyler Myers.
1:38 of 2nd period - Snap shot by Jamie Benn.
1:38 of 2nd period - Stopped by Thatcher Demko with a rebound.
1:40 of 2nd period - Snap shot by Ty Dellandrea.
1:40 of 2nd period - Shot Blocked by Ian Cole.
1:42 of 2nd period - Wrist shot by Matej Blumel.
1:42 of 2nd period - Shot Blocked by Ian Cole.
1:44 of 2nd period - Slapshot by Craig Smith.
1:44 of 2nd period - Shot Misses the Net.
1:46 of 2nd period - Wrist shot by Craig Smith.
1:46 of 2nd period - Shot Misses the Net.
2:28 of 2nd period - Esa Lindell is hit by Sam Lafferty and loses puck.
3:29 of 2nd period - Snap shot by Mason Marchment.
3:29 of 2nd period - Stopped by Thatcher Demko with a rebound.
4:08 of 2nd period - Slapshot by Craig Smith.
4:08 of 2nd period - Stopped by Thatcher Demko without a rebound.
4:09 of 2nd period - Sam Steel wins face-off versus Brock Boeser in Vancouver Canucks zone.
4:51 of 2nd period - Slapshot by Sam Lafferty.
4:51 of 2nd period - Shot Blocked by Miro Heiskanen.
4:53 of 2nd period - Slapshot by Sam Lafferty.
4:53 of 2nd period - Stopped by Jake Oettinger without a rebound.
4:54 of 2nd period - J.T. Miller wins face-off versus Sam Steel in Dallas Stars zone.
5:03 of 2nd period - Slapshot by J.T. Miller.
5:03 of 2nd period - Shot Misses the Net.
5:53 of 2nd period - Off-side.
5:54 of 2nd period - Elias Pettersson wins face-off versus Roope Hintz in neutral zone.
6:24 of 2nd period - Minor Penalty to Tyler Myers for Tripping.
6:25 of 2nd period - J.T. Miller wins face-off versus Joe Pavelski in Vancouver Canucks zone.
6:35 of 2nd period - Wrist shot by Joe Pavelski.
6:35 of 2nd period - Shot Misses the Net.
6:37 of 2nd period - Snap shot by Matej Blumel.
6:37 of 2nd period - Stopped by Thatcher Demko with a rebound.
7:10 of 2nd period - Elias Pettersson is hit by Tyler Seguin and loses puck.
8:24 of 2nd period - Penalty to Tyler Myers is over, Tyler Myers is back on ice.
8:45 of 2nd period - Carson Soucy is hit by Mason Marchment and loses puck.
9:00 of 2nd period - Slapshot by Dakota Joshua.
9:00 of 2nd period - Stopped by Jake Oettinger with a rebound.
9:02 of 2nd period - Snap shot by Dakota Joshua.
9:02 of 2nd period - Shot Blocked by Jamie Benn.
9:04 of 2nd period - Snap shot by Matt Irwin.
9:04 of 2nd period - Stopped by Jake Oettinger without a rebound.
9:05 of 2nd period - J.T. Miller wins face-off versus Matt Duchene in Dallas Stars zone.
9:06 of 2nd period - Wrist shot by Andrei Kuzmenko.
9:06 of 2nd period - Stopped by Jake Oettinger without a rebound.
9:07 of 2nd period - J.T. Miller wins face-off versus Matt Duchene in Dallas Stars zone.
9:08 of 2nd period - Backhand shot by Quinn Hughes.
9:08 of 2nd period - Deflect By Ryan Suter.
9:08 of 2nd period - Stopped by Jake Oettinger with a rebound.
9:19 of 2nd period - Tyler Myers is hit by Tyler Seguin and loses puck.
9:25 of 2nd period - Icing by Quinn Hughes.
9:26 of 2nd period - J.T. Miller wins face-off versus Roope Hintz in Vancouver Canucks zone.
9:41 of 2nd period - Slapshot by Jason Robertson.
9:41 of 2nd period - Stopped by Thatcher Demko without a rebound.
9:42 of 2nd period - Elias Pettersson wins face-off versus Sam Steel in Vancouver Canucks zone.
9:47 of 2nd period - Slapshot by Quinn Hughes.
9:47 of 2nd period - Shot Misses the Net.
9:55 of 2nd period - Elias Pettersson is hit by Radek Faksa and loses puck.
10:16 of 2nd period - Slapshot by Quinn Hughes.
10:16 of 2nd period - Deflect By J.T. Miller.
10:16 of 2nd period - Shot Misses the Net.
10:16 of 2nd period - Puck is out of play.
10:17 of 2nd period - Sam Steel wins face-off versus J.T. Miller in Dallas Stars zone.
10:17 of 2nd period - Sam Steel is hit by Brock Boeser.
10:29 of 2nd period - Slapshot by Jamie Benn.
10:29 of 2nd period - Shot Misses the Net.
10:31 of 2nd period - Wrist shot by Sam Steel.
10:31 of 2nd period - Stopped by Thatcher Demko with a rebound.
10:58 of 2nd period - Icing by Filip Hronek.
10:59 of 2nd period - Sam Steel wins face-off versus Elias Pettersson in Vancouver Canucks zone.
11:04 of 2nd period - Wrist shot by Jamie Benn.
11:04 of 2nd period - Shot Blocked by Elias Pettersson.
11:22 of 2nd period - Wrist shot by Elias Pettersson.
11:22 of 2nd period - Stopped by Jake Oettinger without a rebound.
11:23 of 2nd period - J.T. Miller wins face-off versus Roope Hintz in Dallas Stars zone.
11:32 of 2nd period - Snap shot by Roope Hintz.
11:32 of 2nd period - Stopped by Thatcher Demko with a rebound.
11:34 of 2nd period - Slapshot by Jani Hakanpaa.
11:34 of 2nd period - Deflect By Roope Hintz.
11:34 of 2nd period - Stopped by Thatcher Demko without a rebound.
11:35 of 2nd period - J.T. Miller wins face-off versus Roope Hintz in Vancouver Canucks zone.
11:37 of 2nd period - Icing by Brock Boeser.
11:38 of 2nd period - J.T. Miller wins face-off versus Roope Hintz in Vancouver Canucks zone.
11:44 of 2nd period - Icing by J.T. Miller.
11:45 of 2nd period - Roope Hintz wins face-off versus J.T. Miller in Vancouver Canucks zone.
11:48 of 2nd period - Snap shot by Joe Pavelski.
11:48 of 2nd period - Shot Blocked by Brock Boeser.
11:50 of 2nd period - Snap shot by Roope Hintz.
11:50 of 2nd period - Shot Misses the Net.
11:52 of 2nd period - Snap shot by Roope Hintz.
11:52 of 2nd period - Stopped by Thatcher Demko with a rebound.
11:56 of 2nd period - Wrist shot by Jason Robertson.
11:56 of 2nd period - Stopped by Thatcher Demko without a rebound.
11:57 of 2nd period - Roope Hintz wins face-off versus Andrei Kuzmenko in Vancouver Canucks zone.
12:24 of 2nd period - Anthony Beauvillier is hit by Radek Faksa and loses puck.
12:53 of 2nd period - Slapshot by Matt Duchene.
12:53 of 2nd period - Stopped by Thatcher Demko with a rebound.
12:55 of 2nd period - Snap shot by Matt Duchene.
12:55 of 2nd period - Goal by Matt Duchene - Vancouver Canucks : 0 - Dallas Stars : 3.
12:56 of 2nd period - J.T. Miller wins face-off versus Roope Hintz in neutral zone.
13:03 of 2nd period - Slapshot by Quinn Hughes.
13:03 of 2nd period - Shot Blocked by Jani Hakanpaa.
13:05 of 2nd period - Wrist shot by Brock Boeser.
13:05 of 2nd period - Stopped by Jake Oettinger without a rebound.
13:06 of 2nd period - Roope Hintz wins face-off versus Brock Boeser in Dallas Stars zone.
13:33 of 2nd period - Wrist shot by J.T. Miller.
13:33 of 2nd period - Stopped by Jake Oettinger with a rebound.
14:03 of 2nd period - Backhand shot by J.T. Miller.
14:03 of 2nd period - Stopped by Jake Oettinger without a rebound.
14:04 of 2nd period - Elias Pettersson wins face-off versus Sam Steel in Dallas Stars zone.
14:13 of 2nd period - Snap shot by Jamie Benn.
14:13 of 2nd period - Stopped by Thatcher Demko without a rebound.
14:14 of 2nd period - Elias Pettersson wins face-off versus Sam Steel in Vancouver Canucks zone.
14:54 of 2nd period - Snap shot by Jamie Benn.
14:54 of 2nd period - Deflect By Radek Faksa.
14:54 of 2nd period - Stopped by Thatcher Demko without a rebound.
14:55 of 2nd period - Roope Hintz wins face-off versus J.T. Miller in Vancouver Canucks zone.
15:04 of 2nd period - Wrist shot by Jason Robertson.
15:04 of 2nd period - Shot Misses the Net.
15:06 of 2nd period - Slapshot by Nils Lundkvist.
15:06 of 2nd period - Stopped by Thatcher Demko without a rebound.
15:07 of 2nd period - J.T. Miller wins face-off versus Roope Hintz in Vancouver Canucks zone.
15:12 of 2nd period - Slapshot by Jason Robertson.
15:12 of 2nd period - Deflect By Roope Hintz.
15:12 of 2nd period - Stopped by Thatcher Demko with a rebound.
15:14 of 2nd period - Slapshot by Esa Lindell.
15:14 of 2nd period - Stopped by Thatcher Demko without a rebound.
15:15 of 2nd period - J.T. Miller wins face-off versus Roope Hintz in Vancouver Canucks zone.
15:28 of 2nd period - Slapshot by Andrei Kuzmenko.
15:28 of 2nd period - Stopped by Jake Oettinger without a rebound.
15:29 of 2nd period - Roope Hintz wins face-off versus Dakota Joshua in Dallas Stars zone.
16:00 of 2nd period - Snap shot by J.T. Miller.
16:00 of 2nd period - Stopped by Jake Oettinger without a rebound.
16:01 of 2nd period - J.T. Miller wins face-off versus Sam Steel in Dallas Stars zone.
16:02 of 2nd period - Snap shot by Andrei Kuzmenko.
16:02 of 2nd period - Stopped by Jake Oettinger without a rebound.
16:03 of 2nd period - Sam Steel wins face-off versus J.T. Miller in Dallas Stars zone.
16:14 of 2nd period - Snap shot by Brock Boeser.
16:14 of 2nd period - Shot Misses the Net.
16:16 of 2nd period - Slapshot by Ian Cole.
16:16 of 2nd period - Stopped by Jake Oettinger with a rebound.
16:18 of 2nd period - Slapshot by Filip Hronek.
16:18 of 2nd period - Shot Misses the Net.
16:20 of 2nd period - Slapshot by Ian Cole.
16:20 of 2nd period - Shot Misses the Net.
16:22 of 2nd period - Slapshot by Filip Hronek.
16:22 of 2nd period - Deflect By J.T. Miller.
16:22 of 2nd period - Stopped by Jake Oettinger with a rebound.
16:24 of 2nd period - Slapshot by Filip Hronek.
16:24 of 2nd period - Stopped by Jake Oettinger with a rebound.
16:26 of 2nd period - Snap shot by Brock Boeser.
16:26 of 2nd period - Shot Blocked by Jamie Benn.
16:28 of 2nd period - Wrist shot by Andrei Kuzmenko.
16:28 of 2nd period - Stopped by Jake Oettinger without a rebound.
16:29 of 2nd period - Elias Pettersson wins face-off versus Jason Robertson in Dallas Stars zone.
16:42 of 2nd period - Wrist shot by Quinn Hughes.
16:42 of 2nd period - Shot Blocked by Jason Robertson.
16:56 of 2nd period - Sam Lafferty is hit by Tyler Seguin and loses puck.
17:01 of 2nd period - Snap shot by Matt Duchene.
17:01 of 2nd period - Stopped by Thatcher Demko without a rebound.
17:02 of 2nd period - Matt Duchene wins face-off versus J.T. Miller in Vancouver Canucks zone.
17:38 of 2nd period - Off-side.
17:39 of 2nd period - Roope Hintz wins face-off versus Dakota Joshua in neutral zone.
18:30 of 2nd period - Wrist shot by Sam Steel.
18:30 of 2nd period - Shot Misses the Net.
19:00 of 2nd period - Minor Penalty to Jani Hakanpaa for Tripping.
19:01 of 2nd period - J.T. Miller wins face-off versus Jason Robertson in Dallas Stars zone.
19:02 of 2nd period - Snap shot by Quinn Hughes.
19:02 of 2nd period - Shot Blocked by Jason Robertson.
19:16 of 2nd period - Slapshot by J.T. Miller.
19:16 of 2nd period - Shot Misses the Net.
Goals for this period are 0 for Vancouver Canucks vs 1 for Dallas Stars.
Shots for this period are 16 for Vancouver Canucks vs 20 for Dallas Stars.

3rd period


0:01 of 3rd period - J.T. Miller wins face-off versus Jason Robertson in neutral zone.
0:10 of 3rd period - Slapshot by Andrei Kuzmenko.
0:10 of 3rd period - Deflect By Brock Boeser.
0:10 of 3rd period - Deflect By Jamie Benn.
0:10 of 3rd period - Stopped by Jake Oettinger with a rebound.
0:12 of 3rd period - Slapshot by Brock Boeser.
0:12 of 3rd period - Shot Misses the Net.
0:14 of 3rd period - Snap shot by Quinn Hughes.
0:14 of 3rd period - Shot Blocked by Jason Robertson.
0:16 of 3rd period - Slapshot by Quinn Hughes.
0:16 of 3rd period - Shot Blocked by Miro Heiskanen.
0:22 of 3rd period - Minor Penalty to Jason Robertson for Holding.
0:23 of 3rd period - J.T. Miller wins face-off versus Craig Smith in Dallas Stars zone.
0:42 of 3rd period - Quinn Hughes is hit by Craig Smith and loses puck.
0:55 of 3rd period - Miro Heiskanen is hit by Conor Garland and loses puck.
1:00 of 3rd period - Penalty to Jani Hakanpaa is over, Jani Hakanpaa is back on ice.
1:06 of 3rd period - Snap shot by Conor Garland.
1:06 of 3rd period - Goal by Conor Garland - Vancouver Canucks : 1 - Dallas Stars : 3.
1:07 of 3rd period - J.T. Miller wins face-off versus Roope Hintz in neutral zone.
1:24 of 3rd period - Wrist shot by Andrei Kuzmenko.
1:24 of 3rd period - Stopped by Jake Oettinger without a rebound.
1:25 of 3rd period - Elias Pettersson wins face-off versus Sam Steel in Dallas Stars zone.
1:38 of 3rd period - Slapshot by Miro Heiskanen.
1:38 of 3rd period - Shot Blocked by Quinn Hughes.
1:40 of 3rd period - Wrist shot by Jamie Benn.
1:40 of 3rd period - Shot Misses the Net.
1:42 of 3rd period - Slapshot by Miro Heiskanen.
1:42 of 3rd period - Shot Misses the Net.
1:55 of 3rd period - Minor Penalty to Jason Robertson for Tripping.
1:56 of 3rd period - J.T. Miller wins face-off versus Craig Smith in Dallas Stars zone.
2:31 of 3rd period - Filip Hronek is hit by Craig Smith.
3:30 of 3rd period - Brock Boeser is hit by Jamie Benn and loses puck.
3:55 of 3rd period - Penalty to Jason Robertson is over, Jason Robertson is back on ice.
4:16 of 3rd period - Slapshot by Filip Hronek.
4:16 of 3rd period - Deflect By Jason Robertson.
4:16 of 3rd period - Stopped by Jake Oettinger with a rebound.
4:18 of 3rd period - Wrist shot by Ilya Mikheyev.
4:18 of 3rd period - Stopped by Jake Oettinger with a rebound.
4:20 of 3rd period - Snap shot by Ian Cole.
4:20 of 3rd period - Stopped by Jake Oettinger without a rebound.
4:21 of 3rd period - Sam Lafferty wins face-off versus Sam Steel in Dallas Stars zone.
4:44 of 3rd period - Tyler Myers is hit by Joe Pavelski.
5:06 of 3rd period - Quinn Hughes is hit by Jani Hakanpaa and loses puck.
6:08 of 3rd period - Minor Penalty to Roope Hintz for Hooking.
6:09 of 3rd period - J.T. Miller wins face-off versus Jason Robertson in Dallas Stars zone.
6:10 of 3rd period - Slapshot by Andrei Kuzmenko.
6:10 of 3rd period - Shot Blocked by Jason Robertson.
6:12 of 3rd period - Slapshot by Tyler Myers.
6:12 of 3rd period - Shot Misses the Net.
6:14 of 3rd period - Snap shot by Andrei Kuzmenko.
6:14 of 3rd period - Shot Blocked by Esa Lindell.
6:16 of 3rd period - Slapshot by Quinn Hughes.
6:16 of 3rd period - Shot Misses the Net.
6:18 of 3rd period - Snap shot by J.T. Miller.
6:18 of 3rd period - Shot Misses the Net.
6:20 of 3rd period - Slapshot by Tyler Myers.
6:20 of 3rd period - Stopped by Jake Oettinger without a rebound.
6:21 of 3rd period - J.T. Miller wins face-off versus Jason Robertson in Dallas Stars zone.
6:26 of 3rd period - Slapshot by Quinn Hughes.
6:26 of 3rd period - Shot Blocked by Miro Heiskanen.
6:35 of 3rd period - Slapshot by J.T. Miller.
6:35 of 3rd period - Shot Blocked by Jamie Benn.
6:37 of 3rd period - Snap shot by Andrei Kuzmenko.
6:37 of 3rd period - Stopped by Jake Oettinger without a rebound.
6:38 of 3rd period - J.T. Miller wins face-off versus Jason Robertson in Dallas Stars zone.
6:53 of 3rd period - Snap shot by Quinn Hughes.
6:53 of 3rd period - Stopped by Jake Oettinger without a rebound.
6:54 of 3rd period - Elias Pettersson wins face-off versus Jason Robertson in Dallas Stars zone.
7:01 of 3rd period - Wrist shot by Quinn Hughes.
7:01 of 3rd period - Shot Blocked by Miro Heiskanen.
8:08 of 3rd period - Penalty to Roope Hintz is over, Roope Hintz is back on ice.
8:22 of 3rd period - Backhand shot by Filip Hronek.
8:22 of 3rd period - Stopped by Jake Oettinger with a rebound.
9:16 of 3rd period - Slapshot by Jamie Benn.
9:16 of 3rd period - Stopped by Thatcher Demko with a rebound.
9:18 of 3rd period - Snap shot by Jamie Benn.
9:18 of 3rd period - Stopped by Thatcher Demko with a rebound.
9:20 of 3rd period - Snap shot by Ryan Suter.
9:20 of 3rd period - Stopped by Thatcher Demko with a rebound.
10:10 of 3rd period - Wrist shot by Ty Dellandrea.
10:10 of 3rd period - Shot Blocked by Matt Irwin.
11:03 of 3rd period - J.T. Miller is hit by Nils Lundkvist and loses puck.
11:28 of 3rd period - Filip Hronek is hit by Matt Duchene and loses puck.
11:45 of 3rd period - Matt Irwin is hit by Ty Dellandrea and loses puck.
11:46 of 3rd period - Matt Irwin from Vancouver Canucks is injured at 11:46 of 3rd period (Torn Left ACL).
11:47 of 3rd period - J.T. Miller wins face-off versus Roope Hintz in Vancouver Canucks zone.
12:13 of 3rd period - Sam Steel is hit by Anthony Beauvillier and loses puck.
12:24 of 3rd period - Wrist shot by Jamie Benn.
12:24 of 3rd period - Deflect By Sam Steel.
12:24 of 3rd period - Stopped by Thatcher Demko with a rebound.
12:34 of 3rd period - Slapshot by Quinn Hughes.
12:34 of 3rd period - Stopped by Jake Oettinger without a rebound.
12:35 of 3rd period - Matt Duchene wins face-off versus Sam Lafferty in Dallas Stars zone.
12:37 of 3rd period - Minor Penalty to Mason Marchment for Cross-checking.
12:38 of 3rd period - Brock Boeser wins face-off versus Jason Robertson in Dallas Stars zone.
12:48 of 3rd period - Snap shot by Quinn Hughes.
12:48 of 3rd period - Stopped by Jake Oettinger without a rebound.
12:49 of 3rd period - J.T. Miller wins face-off versus Jason Robertson in Dallas Stars zone.
14:37 of 3rd period - Penalty to Mason Marchment is over, Mason Marchment is back on ice.
15:15 of 3rd period - Snap shot by Sam Steel.
15:15 of 3rd period - Deflect By Jamie Benn.
15:15 of 3rd period - Shot Misses the Net.
15:15 of 3rd period - Puck is out of play.
15:16 of 3rd period - J.T. Miller wins face-off versus Sam Steel in Vancouver Canucks zone.
16:05 of 3rd period - Minor Penalty to Carson Soucy for Slashing.
16:06 of 3rd period - Joe Pavelski wins face-off versus J.T. Miller in Vancouver Canucks zone.
16:43 of 3rd period - Snap shot by Miro Heiskanen.
16:43 of 3rd period - Stopped by Thatcher Demko without a rebound.
16:44 of 3rd period - Joe Pavelski wins face-off versus Andrei Kuzmenko in Vancouver Canucks zone.
16:45 of 3rd period - Snap shot by Jason Robertson.
16:45 of 3rd period - Goal by Jason Robertson - Vancouver Canucks : 1 - Dallas Stars : 4.
16:46 of 3rd period - Roope Hintz wins face-off versus J.T. Miller in neutral zone.
16:49 of 3rd period - Slapshot by Miro Heiskanen.
16:49 of 3rd period - Stopped by Thatcher Demko with a rebound.
17:13 of 3rd period - Sam Steel is hit by Anthony Beauvillier.
17:34 of 3rd period - Ilya Mikheyev is hit by Ryan Suter and loses puck.
17:57 of 3rd period - Brock Boeser is hit by Craig Smith and loses puck.
18:10 of 3rd period - Craig Smith is hit by Anthony Beauvillier and loses puck.
18:24 of 3rd period - Quinn Hughes is hit by Roope Hintz and loses puck.
18:43 of 3rd period - Sam Lafferty is hit by Sam Steel and loses puck.
19:02 of 3rd period - Backhand shot by Tyler Seguin.
19:02 of 3rd period - Stopped by Thatcher Demko without a rebound.
19:03 of 3rd period - J.T. Miller wins face-off versus Matt Duchene in Vancouver Canucks zone.
19:12 of 3rd period - Slapshot by Andrei Kuzmenko.
19:12 of 3rd period - Shot Blocked by Matt Duchene.
19:28 of 3rd period - Snap shot by Sam Lafferty.
19:28 of 3rd period - Deflect By Miro Heiskanen.
19:28 of 3rd period - Stopped by Jake Oettinger with a rebound.
19:30 of 3rd period - Snap shot by Sam Lafferty.
19:30 of 3rd period - Stopped by Jake Oettinger without a rebound.
19:31 of 3rd period - Roope Hintz wins face-off versus J.T. Miller in Dallas Stars zone.
19:44 of 3rd period - Slapshot by J.T. Miller.
19:44 of 3rd period - Shot Misses the Net.
Goals for this period are 1 for Vancouver Canucks vs 1 for Dallas Stars.
Shots for this period are 14 for Vancouver Canucks vs 8 for Dallas Stars.